 Dungeon Crawl Stone Soup version 0.30-a0-1006-g5d778dfbfc (webtiles) character file.

Game seed: 14290766145495422770

2423802 Charly the Formicid Barricade (level 27, 233/233 HPs)
             Began as a Formicid Fighter on Mar 30, 2023.
             Was the Champion of Cheibriados.
             Escaped with the Orb
             ... and 4 runes on Apr 5, 2023!
             The game lasted 02:44:47 (64160 turns).

Charly the Formicid Barricade (Formicid Fighter)   Turns: 64160, Time: 02:44:48

Health: 233/233    AC: 35    Str: 47    XL:     27
Magic:  36/36      EV: 34    Int: 36    God:    Cheibriados [******]
Gold:   4325       SH: 34    Dex: 38    Spells: 26/26 levels left

rFire   + + .      SeeInvis +    a - +9 bardiche of Dissent {freeze, Int+5 Dex-2}
rCold   + . .      Faith    .    Z - +2 kite shield {AC+3}
rNeg    + + .      Spirit   .    W - +3 gold dragon scales
rPois   +          Reflect  +    (helmet unavailable)
rElec   +          Rampage  .    L - scarf "Itiwer" {+Inv, Will++ rCorr Stlth+}
rCorr   +                        U - +0 pair of gloves of Modesty {rElec rN++ Will+}
Will    +++++                    N - +2 pair of boots {Fly} Stlth
                                 V - amulet of Loot {Reflect Dex+4 SH+5 Stlth+}
HPRegen 0.58/turn                u - ring "Roopn" {rPois rF+ Dex+5}
MPRegen 0.25/turn                x - ring "Zuylutzah" {*Slow rF+ EV+5 Int+2 Dex+4}

@: flying, studying 4 skills, very slow
A: permanent stasis, dig shafts and tunnels, antennae 3, four strong arms, large
bone plates 1, clever 1, heat vulnerability 1
0: Orb of Zot
}: 4/15 runes: decaying, slimy, silver, gossamer
a: Dig, Shaft Self, Renounce Religion, Evoke Invisibility, Bend Time, Temporal
Distortion, Slouch, Step From Time


You escaped.
You worshipped Cheibriados.
Cheibriados was exalted by your worship.
You visited 10 branches of the dungeon, and saw 50 of its levels.
You also visited: Sewer, Gauntlet, Ice Cave and Desolation.

You collected 9698 gold pieces.
You spent 5373 gold pieces at shops.

Inventory:

Hand Weapons
 a - the +9 bardiche of Dissent (weapon) {freeze, Int+5 Dex-2}
   (You took it off a minotaur in a Gauntlet)

   Int:       It affects your intelligence (+5).
   Dex:       It affects your dexterity (-2).
 b - a +9 vampiric glaive
 I - a +3 bardiche
Missiles
 K - 2 throwing nets
Armour
 j - a scarf of resistance
 w - the +1 pair of gloves of the Charming Gods {*Slow Will+++ Str+8 SInv}
   (You found it in a Gauntlet)

   Str:       It affects your strength (+8).
   SInv:      It lets you see invisible.
   *Slow:     It may slow you when you take damage.
   Will:      It greatly increases your willpower.
 L - the scarf "Itiwer" (worn) {+Inv, Will++ rCorr Stlth+}
   (You found it on level 2 of the Vaults)

   rCorr:     It protects you from acid and corrosion.
   Will:      It greatly increases your willpower.
   Stlth:     It makes you more stealthy.
 N - a +2 pair of boots of flying (worn)
 U - the +0 pair of gloves of Modesty (worn) {rElec rN++ Will+}
   (You bought it in a shop on level 3 of the Vaults)

   rElec:     It insulates you from electricity.
   rN:        It greatly protects you from negative energy.
   Will:      It increases your willpower.
 W - +3 gold dragon scales (worn)
 Z - a +2 kite shield of protection (worn)
Jewellery
 c - the ring "Qebelil" {Fly rElec rC+}
   (You found it in an ice cave)

   [ring of flight]

   rC:        It protects you from cold.
   rElec:     It insulates you from electricity.
   Fly:       It grants you flight.
 n - a ring of positive energy
 u - the ring "Roopn" (left hand) {rPois rF+ Dex+5}
   (You found it on level 5 of the Pits of Slime)

   [ring of poison resistance]

   Dex:       It affects your dexterity (+5).
   rF:        It protects you from fire.
   rPois:     It protects you from poison.
 x - the ring "Zuylutzah" (right hand) {*Slow rF+ EV+5 Int+2 Dex+4}
   (You took it off a minotaur in a Gauntlet)

   [ring of evasion]

   EV:        It affects your evasion (+5).
   Int:       It affects your intelligence (+2).
   Dex:       It affects your dexterity (+4).
   rF:        It protects you from fire.
   *Slow:     It may slow you when you take damage.
 A - the amulet "Peikken" {RegenMP +Blink +Inv rF+}
   (You found it in an ice cave)

   [amulet of magic regeneration]

   It increases your rate of magic regeneration.
   rF:        It protects you from fire.
   +Inv:      It lets you turn invisible.
   +Blink:    It lets you blink.
 C - a ring of resist corrosion
 V - the amulet of Loot (around neck) {Reflect Dex+4 SH+5 Stlth+}
   (You found it in the Desolation of Salt)

   [amulet of reflection]

   It reflects blocked missile attacks.
   Dex:       It affects your dexterity (+4).
   SH:        It affects your SH (+5).
   Stlth:     It makes you more stealthy.
Wands
 e - a wand of charming (27)
 D - a wand of digging (34)
 F - a wand of acid (22)
 H - a wand of polymorph (18)
 J - a wand of flame (37)
 Y - a wand of iceblast (20) (quivered)
Scrolls
 g - 33 scrolls of identify
 l - 4 scrolls of fog
 m - 11 scrolls of fear
 p - a scroll of magic mapping
 q - 2 scrolls of poison
 v - 8 scrolls of vulnerability
 y - 2 scrolls of silence
 z - 2 scrolls of immolation
 E - 2 scrolls of enchant weapon
 S - a scroll of summoning
Potions
 d - 4 potions of might
 h - 8 potions of lignification
 i - 5 potions of mutation
 k - 2 potions of ambrosia
 o - 16 potions of curing
 s - 24 potions of flight
 t - 4 potions of brilliance
 G - 7 potions of magic
 O - 5 potions of attraction
 R - 5 potions of resistance
 T - 14 potions of heal wounds
Miscellaneous
 f - a tin of tremorstones (2/2)
 r - a phial of floods
 B - a condenser vane
 M - a phantom mirror
 P - a lightning rod (4/4)
 Q - a box of beasts


   Skills:
 + Level 22.5 Fighting
 - Level 15.6(20.8) Axes
 - Level 22.2(24.0) Polearms
 + Level 21.2 Armour
 + Level 16.9 Dodging
 - Level 3.0 Stealth
 O Level 27 Shields
 + Level 18.4 Invocations
 - Level 13.0 Evocations


You had 26 spell levels left.
You didn't know any spells.
Your spell library contained the following spells:

 Spells                   Type           Power      Damage    Failure   Level
 Beastly Appendage        Tmut           0%         N/A       26%         1
 Foxfire                  Conj/Fire      0%         2x1d4     26%         1
 Kiss of Death            Conj/Necr      0%         2d5       26%         1
 Magic Dart               Conj           0%         1d3       26%         1
 Sting                    Tmut/Pois      0%         1d3       26%         1
 Call Imp                 Summ           0%         N/A       38%         2
 Cigotuvi's Dreadful Rot  Necr/Pois/Air  0%         N/A       38%         2
 Ensorcelled Hibernation  Hex/Ice        0%         N/A       38%         2
 Lesser Beckoning         Tloc           0%         N/A       38%         2
 Momentum Strike          Conj/Tloc      0%         3d8       38%         2
 Poisonous Vapours        Pois/Air       0%         N/A       38%         2
 Searing Ray              Conj           0%         2d4       38%         2
 Static Discharge         Conj/Air       0%         2-2/arc   38%         2
 Sublimation of Blood     Necr           0%         N/A       38%         2
 Wereblood                Tmut           0%         N/A       38%         2
 Confusing Touch          Hex            0%         N/A       63%         3
 Frozen Ramparts          Ice            0%         1d1       63%         3
 Gell's Gravitas          Tloc           0%         N/A       63%         3
 Hailstorm                Conj/Ice       0%         3d3       63%         3
 Ignite Poison            Fire/Tmut/Pois 0%         N/A       63%         3
 Inner Flame              Hex/Fire       0%         N/A       63%         3
 Mephitic Cloud           Conj/Pois/Air  0%         N/A       63%         3
 Spider Form              Tmut/Pois      0%         N/A       63%         3
 Stone Arrow              Conj/Erth      0%         3d7       63%         3
 Teleport Other           Tloc           0%         N/A       63%         3
 Tukima's Dance           Hex            0%         N/A       63%         3
 Vhi's Electric Charge    Tloc/Air       0%         N/A       63%         3
 Volatile Blastmotes      Fire/Tloc      0%         2d10      63%         3
 Anguish                  Hex/Necr       0%         N/A       95%         4
 Animate Dead             Necr           0%         N/A       95%         4
 Cause Fear               Hex            0%         N/A       95%         4
 Dispel Undead            Necr           0%         3d6       95%         4
 Flame Wave               Conj/Fire      0%         2d4       95%         4
 Fulminant Prism          Conj/Hex       0%         3d5       95%         4
 Ice Form                 Ice/Tmut       0%         N/A       95%         4
 Iskenderun's Mystic Bla  Conj/Tloc      0%         2d3       95%         4
 Olgreb's Toxic Radiance  Pois           0%         N/A       95%         4
 Passage of Golubria      Tloc           0%         N/A       95%         4
 Petrify                  Tmut/Erth      0%         N/A       95%         4
 Sticky Flame             Conj/Fire      0%         2d3       95%         4
 Summon Ice Beast         Ice/Summ       0%         N/A       95%         4
 Arcjolt                  Conj/Air       0%         1d10      100%        5
 Fireball                 Conj/Fire      0%         3d3       100%        5
 Freezing Cloud           Conj/Ice/Air   0%         6-21      100%        5
 Irradiate                Conj/Tmut      0%         3d11      100%        5
 Lee's Rapid Deconstruct  Erth           0%         3d4*      100%        5
 Metabolic Englaciation   Hex/Ice        0%         N/A       100%        5
 Silence                  Hex/Air        0%         N/A       100%        5
 Summon Forest            Summ/Tloc      0%         N/A       100%        5
 Summon Mana Viper        Hex/Summ       0%         N/A       100%        5
 Yara's Violent Unravell  Hex/Tmut       0%         3d3       100%        5
 Death Channel            Necr           0%         N/A       100%        6
 Dispersal                Tloc           0%         N/A       100%        6
 Eringya's Noxious Bog    Tmut/Pois      0%         N/A       100%        6
 Plasma Beam              Fire/Air       0%         2x1d11    100%        6
 Simulacrum               Ice/Necr       0%         N/A       100%        6
 Starburst                Conj/Fire      0%         6d3       100%        6
 Statue Form              Tmut/Erth      0%         N/A       100%        6
 Summon Cactus Giant      Summ           0%         N/A       100%        6
 Dragon Form              Tmut           0%         N/A       100%        7
 Haunt                    Necr/Summ      0%         N/A       100%        7
 Monstrous Menagerie      Summ           0%         N/A       100%        7
 Summon Hydra             Summ           0%         N/A       100%        7
 Discord                  Hex            0%         N/A       100%        8
 Infestation              Necr           0%         N/A       100%        8
 Lehudib's Crystal Spear  Conj/Erth      0%         10d2      100%        8
 Dragon's Call            Summ           0%         N/A       100%        9
 Polar Vortex             Ice            0%         N/A       100%        9
 Shatter                  Erth           0%         3d5*      100%        9
 Blink                    Tloc           Unusable   N/A       N/A         2

Dungeon Overview and Level Annotations

Branches:
Dungeon (15/15)            Temple (1/1) D:6            Lair (5/5) D:9
  Swamp (4/4) Lair:2       Spider (4/4) Lair:3        Slime (5/5) Lair:4
    Orc (2/2) D:11            Elf (0/3) Orc:2        Vaults (5/5) D:13
  Crypt (0/3) Vaults:2     Depths (4/4) D:15            Zot (5/5) Depths:4
  Sewer (visited)           IceCv (visited)         Desolation (visited)
Gauntlet (visited)

Altars:
Ashenzari
Cheibriados
Dithmenos
Elyvilon
Fedhas
Gozag
Hepliaklqana
Kikubaaqudgha
Makhleb
Nemelex Xobeh
Okawaru
Qazlal
Ru
Sif Muna
Trog
Uskayaw
Vehumet
Wu Jian
Xom
Yredelemnul
Zin
The Shining One
Jiyva
Lugonu

Shops:
D:3 [   D:4 *   D:8 *   D:11 **   Orc:1 **   Orc:2 :([*[   Vaults:1 ?
Vaults:3 [   Vaults:4 [   Depths:1 :   Depths:3 ?   Depths:4 ::=

Portals:
Hell: Depths:1 Depths:2 Depths:3 Depths:4
Abyss: Depths:1 Depths:3
Pandemonium: Depths:2 Depths:4
Ziggurat: Depths:3


Innate Abilities, Weirdness & Mutations

You cannot be hasted, slowed, berserked, paralysed or teleported.
You can dig through walls and to a lower floor.
You have a pair of large antennae on your head. (SInv)
Your four strong arms can wield two-handed weapons with a shield.
You are partially covered in large bone plates. (SH +4)
Your mind is acute. (Int +4, Str/Dex -1)
You are vulnerable to heat. (rF-)


Message History

You reach to attack!
You completely miss the rust devil.
You reach to attack!
You closely miss the rust devil. You cut the rust devil into ribbons!!!
You freeze the rust devil.
You kill the rust devil!
Cheibriados appreciates the change of pace.
(D) Dungeon (T) Temple (L) Lair (S) Swamp (N) Spider Nest (M) Slime Pits (O) Orcish Mines (E) Elven Halls (V) Vaults (C) Crypt (U) Depths (H) Hell (Z) Zot
Where to? (Enter - D:1 @ (x,y), ? - help)
You see here a +0 club.
Things that are here:
a +0 robe; a +0 club
There is a stone staircase leading up here.
You fly upwards.
There is a stone staircase leading down here.
An Orb Guardian comes into view.
You block the Orb Guardian's attack.
You open the Orb Guardian like a pillowcase!!!
You freeze the Orb Guardian!
The Orb Guardian is severely wounded.
You block the Orb Guardian's attack.
You completely miss the Orb Guardian.
The Orb Guardian is severely wounded.
You block the Orb Guardian's attack.
You hit the Orb Guardian. You freeze the Orb Guardian.
The Orb Guardian is severely wounded.
You block the Orb Guardian's attack.
You slice the Orb Guardian!! You freeze the Orb Guardian.
You kill the Orb Guardian!
Cheibriados thoroughly appreciates the change of pace.
(D) Dungeon (T) Temple (L) Lair (S) Swamp (N) Spider Nest (M) Slime Pits (O) Orcish Mines (E) Elven Halls (V) Vaults (C) Crypt (U) Depths (H) Hell (Z) Zot
Where to? (Enter - D:1 @ (x,y), ? - help)
You sense a monster nearby.
There is an open door here.
There is a staircase leading out of the dungeon here.
You have escaped!

###......#######.#
#..#.). #.########
#.# #.....|
#######.# #.#
#...... .....{..#
#.# ##......
........#
###.###.......
#####.#.#
######.{{..........
#.#.#
#PPP##.#####...#...
#.#.#######~~~##.#
#####...
#.#......'..@..'.#
#.#.
#.#.#######♣.♣##.#
#.#. #.#.# #'##..#
#.#. #.#.# #....##
#.#. #.#.# ######
#.#. #####.#.#
###.#. ......#.##
#..... .........#
#.#.## .#######.#
#...#


There were no monsters in sight!

Vanquished Creatures
  the Royal Jelly (Slime:5)
  5 orbs of fire
  6 dread liches (Zot:5)
  Mara (Swamp:4)
  2 ancient liches (Zot:5)
  Mennas (Vaults:4)
  2 Killer Klowns (Zot:5)
  Vv (Zot:1)
  Xtahua (Vaults:2)
  3 curse toes
  11 golden dragons
  Nikola (Spider:1)
  Jory (Vaults:4)
  5 electric golems
  A Brimstone Fiend (D:9)
  Jorgrun (Spider:1)
  3 Hell Sentinels
  4 liches
  16 tentacled monstrosities
  A walking crystal tome (Depths:4)
  27 Orb Guardians
  16 quicksilver dragons
  Mlioglotl (Spider:1)
  3 titans
  4 death cobs
  20 acid blobs
  7 sphinxes
  An Executioner (D:13)
  Frances (Swamp:1)
  2 thorn hunters
  Kirke (Swamp:3)
  11 tengu reavers
  13 draconian monks
  15 shadow dragons
  8 draconian knights
  A fenstrider witch (Swamp:3)
  12 azure jellies
  11 storm dragons
  5 rockslimes
  7 emperor scorpions
  3 iron dragons
  2 deep elf sorcerers (Vaults:5)
  6 frost giants
  7 fire giants
  2 imperial myrmidons (Desolation)
  4 spectral caustic shrikes (Depths:1)
  A balrug (D:12)
  29 vault wardens
  6 draconian scorchers
  Aizul (Spider:2)
  10 ghost moths
  7 ghouls
  3 orc warlords
  10 draconian shifters
  4 draconian stormcallers
  A broodmother (shapeshifter) (Vaults:4)
  14 stone giants
  19 ironbound preservers
  2 war gargoyles
  15 very ugly things
  9 green draconians
  7 draconian annihilators
  6 ironbound thunderhulks
  5 quicksilver oozes
  4 broodmothers
  4 halazid warlocks (Desolation)
  A deep elf demonologist (Vaults:4)
  12 black draconians
  7 eleionomae
  3 vampire knights
  6 red draconians
  Azrael (Orc:2)
  12 dire elephants
  8 spark wasps
  19 purple draconians
  2 bunyips (Swamp:1)
  An eidolon (Vaults:2)
  9 white draconians
  8 yellow draconians
  2 deep elf death magi (Vaults:5)
  A blizzard demon (Zot:5)
  An ettin (shapeshifter) (Vaults:4)
  3 jiangshi
  9 ettins
  4 fire dragons
  2 deep elf high priests
  4 crystal guardians
  5 entropy weavers
  14 yaktaur captains
  A shambling mangrove (Swamp:3)
  An entropy weaver (shapeshifter) (D:13)
  7 ice dragons
  5 great orbs of eyes
  4 ragged hierophants (Desolation)
  29 vault guards
  Fannar (D:11)
  27 centaur warriors
  4 servants of whispers (Desolation)
  An ogre mage (D:13)
  3 spriggan air magi
  15 hydras
  3 hell beasts
  3 catoblepae (Lair:5)
  6 peacekeepers
  2 jorogumos (Spider:3)
  4 rakshasas
  5 radroaches
  7 death yaks (Lair:5)
  15 ironbound frosthearts
  7 two-headed ogres
  3 alligators
  An alligator (shapeshifter) (Gauntlet)
  8 tengu warriors
  6 boulder beetles
  7 deep troll shamans
  A death scarab (Spider:3)
  5 orc high priests
  A vampire mage (Depths:4)
  Urug (Orc:1)
  5 sun demons
  12 deep troll earth magi
  3 spriggan berserkers
  A soul eater (Depths:4)
  4 hell knights (Depths:1)
  13 spriggans
  A skyshark (Lair:5)
  A fire crab (Gauntlet)
  The ghost of Kebab the Firebug, a novice OpFE of Gozag (Lair:1)
  A sixfirhy (Depths:4)
  6 iron trolls
  5 pharaoh ants
  9 swamp dragons
  7 goliath frogs
  A flayed ghost (Depths:4)
  A death drake (shapeshifter) (Vaults:5)
  49 deep trolls
  A glowing orange brain (shapeshifter) (Vaults:2)
  4 glowing orange brains
  5 spriggan druids
  A lindwurm (shapeshifter) (D:15)
  10 wizards
  17 bog bodies
  9 orb spiders
  An orange crystal statue (IceCv)
  Pikel (D:7)
  A harpy (shapeshifter) (Vaults:5)
  19 lindwurms
  8 orc knights
  11 steelbarb worms
  18 ironbound convokers
  4 deep elf pyromancers
  3 harpies
  A mana viper (shapeshifter) (Vaults:1)
  4 necromancers
  4 large abominations (Depths:1)
  A tengu zombie (Vaults:2)
  9 phantasmal warriors
  5 orc sorcerers
  29 ugly things
  8 manticores
  3 will-o-the-wisps
  28 moths of wrath
  23 wolf spiders
  7 shining eyes
  2 oklob plants
  10 elephants
  16 vault sentinels
  6 cyclopes
  A shining eye (shapeshifter) (Gauntlet)
  2 guardian serpents (Desolation)
  3 rust devils
  3 eyes of devastation
  4 black mambas
  9 demonic crawlers
  A smoke demon (D:14)
  A stone giant skeleton (Vaults:2)
  A yaktaur zombie (Vaults:4)
  7 torpor snails
  9 cane toads
  10 storm dragon simulacra (IceCv)
  An efreet (D:15)
  3 rime drakes
  2 unseen horrors (Depths:1)
  A tormentor (Zot:5)
  4 komodo dragons
  A cane toad (shapeshifter) (Depths:2)
  2 human zombies (Vaults:4)
  3 golden dragon simulacra (IceCv)
  2 tengu conjurers
  2 freezing wraiths (Spider:4)
  45 yaktaurs
  A polar bear (shapeshifter) (Gauntlet)
  A red devil (Zot:5)
  5 trolls
  A hellwing (Depths:4)
  10 hornets
  6 meliai (Spider:4)
  31 saltlings (Desolation)
  20 tarantellas
  10 tyrant leeches
  Prince Ribbit (D:6)
  2 polar bears
  A blink frog (shapeshifter) (Vaults:4)
  A dream sheep (Spider:3)
  4 blink frogs
  A slime creature (shapeshifter) (Vaults:5)
  24 culicivoras
  29 jumping spiders
  73 slime creatures
  2 vampires
  A shadow (D:7)
  An ettin skeleton (Vaults:4)
  A ynoxinul (Depths:4)
  3 wraiths
  66 yaks
  4 wyverns
  2 hogs (Swamp:3)
  Eustachio (D:5)
  A chaos spawn (Depths:1)
  3 fire bats (Gauntlet)
  4 golden eyes (Slime:1)
  7 water elementals
  2 fire elementals (Orc:2)
  4 basilisks
  A neqoxec (Depths:4)
  51 redbacks
  2 steam dragons
  Grum (D:9)
  13 vampire mosquitoes
  Edmund (D:5)
  3 wargs
  14 swamp worms
  12 water moccasins
  3 acid dragons
  3 floating eyes
  2 hell hounds (Orc:2)
  2 ice beasts (D:6)
  A glowing shapeshifter skeleton (Vaults:2)
  9 swamp drakes
  37 orc warriors
  2 sky beasts
  5 ice dragon simulacra (IceCv)
  A black bear (shapeshifter) (D:13)
  7 black bears
  5 wolves
  2 boggarts
  11 centaurs
  12 ogres
  2 human skeletons
  A lemure (D:7)
  8 kobold brigands
  8 small abominations (Depths:1)
  2 necrophages
  12 bullfrogs
  2 scorpions
  A gnoll sergeant (D:12)
  A water moccasin zombie (D:6)
  11 wights
  5 killer bees
  3 lindwurm simulacra (IceCv)
  A centaur zombie (D:6)
  A howler monkey (D:14)
  4 hounds
  12 jellies
  A gnoll bouda (D:6)
  23 orc priests
  Jessica (D:2)
  2 hell rats (Lair:5)
  5 iguanas
  19 orc wizards
  A sleepcap (D:4)
  A malarious merfolk avatar (Sewer)
  A sickly merfolk siren (Sewer)
  9 gnolls
  9 adders
  7 river rats
  4 white imps
  2 ufetubi
  8 worms
  2 dart slugs
  93 orcs
  10 ball pythons
  7 bats
  5 endoplasms
  5 giant cockroaches
  6 goblins
  10 hobgoblins
  23 kobolds
  6 quokkas
  6 frilled lizards
  32 rats
2132 creatures vanquished.

Vanquished Creatures (collateral kills)
  the Lernaean hydra (Swamp:4)
  An acid blob (Slime:5)
  Asterion (Vaults:1)
  Gastronok (Lair:1)
  A rockslime (Slime:5)
  A fire giant (Zot:5)
  A vault warden (Vaults:1)
  An orc warlord (Orc:2)
  A broodmother (Spider:1)
  An eleionoma (Swamp:4)
  A minotaur (Gauntlet)
  A great orb of eyes (Vaults:4)
  An ice dragon (IceCv)
  A hydra (D:15)
  2 ironbound frosthearts (Vaults:4)
  A pharaoh ant (Spider:2)
  A deep troll (Depths:1)
  An ironbound convoker (Vaults:1)
  A wizard (D:14)
  2 bog bodies (Swamp:4)
  A wolf spider (Spider:1)
  2 vault sentinels
  4 jumping spiders
  2 culicivoras (Spider:2)
  2 yaks (D:8)
  A fire elemental (Orc:2)
  4 redbacks (Spider:2)
  A hell hound (Orc:2)
  2 swamp drakes (Swamp:4)
  An ogre (Orc:2)
  3 wights (D:10)
  A jelly (D:6)
  2 orc priests (D:12)
  3 orc wizards
  2 orcs
53 creatures vanquished.

Vanquished Creatures (others)
  2 quicksilver dragons (Zot:3)
  A sphinx (Vaults:4)
  An acid blob (Slime:5)
  2 tengu reavers (Vaults:5)
  2 storm dragons
  A fire giant (Vaults:4)
  An emperor scorpion (Spider:1)
  2 draconian scorchers (Zot:3)
  2 draconian knights
  2 vault wardens (Vaults:5)
  An ironbound preserver (Vaults:2)
  A stone giant (Vaults:5)
  7 purple draconians
  A green draconian (Zot:4)
  2 yellow draconians (Zot:4)
  3 white draconians
  A red draconian (Zot:3)
  An ettin (Vaults:5)
  A yaktaur captain (Vaults:5)
  A catoblepas (D:14)
  A centaur warrior (D:14)
  A deep troll shaman (Depths:3)
  2 swamp dragons (Swamp:4)
  A steelbarb worm (Spider:1)
  A wolf spider (Spider:1)
  2 cyclopes (D:14)
  A moth of wrath (Spider:1)
  An ugly thing (D:14)
  3 vault sentinels
  A molten gargoyle (Desolation)
  2 yaktaurs
  A bloated husk (Swamp:1)
  A tarantella (Spider:1)
  4 saltlings (Desolation)
  A spriggan (shapeshifter) (Vaults:5)
  A spriggan (Swamp:1)
  A water elemental (Depths:2)
  A basilisk (D:14)
  3 orc warriors
  A centaur (shapeshifter) (Vaults:5)
  An orc wizard (Vaults:5)
  An orc (Orc:1)
  A butterfly (D:10)
  10 foxfires
  85 fungi
  137 plants
  2 starspawn tentacles (Spider:1)
302 creatures vanquished.

Grand Total: 2487 creatures vanquished

Notes
Turn   | Place    | Note
-------+----------+-------------------------------------------
     0 | D:1      | Charly the Formicid Fighter began the quest for the Orb.
     0 | D:1      | Reached XP level 1. HP: 18/18 MP: 1/1
    63 | D:1      | Reached XP level 2. HP: 24/24 MP: 2/2
   334 | D:2      | Reached XP level 3. HP: 29/29 MP: 3/3
   603 | D:2      | Reached skill level 1 in Stealth
   912 | D:2      | Noticed Jessica
   918 | D:2      | Killed Jessica
   919 | D:2      | Reached XP level 4. HP: 34/36 MP: 4/4
  1451 | D:3      | Noticed a scorpion
  1469 | D:3      | Killed a scorpion
  1470 | D:3      | Reached skill level 1 in Evocations
  1470 | D:3      | Reached XP level 5. HP: 36/41 MP: 5/5
  1515 | D:3      | Found Fefocosh's Armour Shoppe.
  1752 | D:3      | Bought a +0 ring mail of poison resistance for 88 gold
                  | pieces
  2594 | D:4      | Reached XP level 6. HP: 34/47 MP: 6/6
  2726 | D:4      | Noticed a black bear
  2748 | D:4      | Killed a black bear
  2832 | D:4      | Found a glowing drain.
  2841 | Sewer    | Entered a sewer
  2957 | Sewer    | Reached XP level 7. HP: 14/52 MP: 7/7
  3322 | Sewer    | Reached skill level 5 in Evocations
  3608 | D:4      | Found Noaplirch's Assorted Antiques.
  3619 | D:4      | Bought a scroll labelled JUILOM METREWK for 29 gold pieces
  3619 | D:4      | Bought a scroll labelled IFASSUGGIO for 29 gold pieces
  3619 | D:4      | Bought a scroll labelled IFASSUGGIO for 29 gold pieces
  3996 | D:4      | Found a shimmering altar of Xom.
  4163 | D:4      | Bought a scroll labelled LETUNK GINOLON for 29 gold pieces
  4170 | D:5      | Entered Level 5 of the Dungeon
  4248 | D:5      | Noticed Edmund
  4433 | D:5      | Found a large runed translucent door.
  4434 | D:5      | Found a large runed translucent door.
  4522 | D:5      | Reached XP level 8. HP: 21/61 MP: 8/8
  5379 | D:5      | Found a shadowy altar of Dithmenos.
  5393 | D:5      | Found an ancient bone altar of Kikubaaqudgha.
  5468 | D:6      | Noticed Eustachio
  5511 | D:5      | Killed Eustachio
  5512 | D:5      | Reached skill level 5 in Fighting
  6053 | D:6      | Found a broken altar of Ashenzari.
  6054 | D:6      | Noticed Prince Ribbit
  6096 | D:6      | Killed Prince Ribbit
  6097 | D:6      | Reached XP level 9. HP: 29/69 MP: 9/9
  6706 | D:6      | Found a staircase to the Ecumenical Temple.
  6939 | Temple   | Entered the Ecumenical Temple
  7004 | Temple   | Became a worshipper of Cheibriados the Contemplative
  7046 | D:6      | Found an ornate altar of the Wu Jian Council.
  7134 | D:6      | Reached skill level 1 in Invocations
  7138 | D:6      | Found a basalt altar of Yredelemnul.
  7206 | D:6      | Reached skill level 10 in Evocations
  7329 | D:4      | Bought a blackened gold wand for 116 gold pieces
  7847 | D:7      | Reached skill level 5 in Invocations
  7930 | D:7      | Reached * piety under Cheibriados
  8093 | D:7      | Noticed Pikel
  8114 | D:7      | Killed Pikel
  8115 | D:7      | Reached XP level 10. HP: 56/80 MP: 13/15
  8921 | D:8      | Noticed Psyche
  8923 | D:8      | Psyche changed into Psyche the iguana
  8923 | D:8      | Noticed Psyche
  8929 | D:8      | Killed Psyche the iguana
  8983 | D:8      | Reached ** piety under Cheibriados
  9081 | D:8      | Found Couseisch's General Store.
  9245 | D:8      | Reached skill level 5 in Axes
  9462 | D:8      | Found a radiant altar of Vehumet.
  9790 | D:4      | Bought a potion of heal wounds for 145 gold pieces
 10115 | D:9      | Reached XP level 11. HP: 89/89 MP: 16/18
 10491 | D:9      | Reached skill level 10 in Invocations
 10570 | D:9      | Noticed Harold
 10573 | D:9      | Harold changed into Harold the redback
 10573 | D:9      | Noticed Harold
 10576 | D:9      | Killed Harold the redback
 10613 | D:9      | Noticed Grum
 10639 | D:9      | Killed Grum
 10749 | D:9      | Found a staircase to the Lair.
 10848 | D:9      | Reached *** piety under Cheibriados
 11580 | D:9      | Found a staircase to the Lair.
 11722 | D:10     | Entered Level 10 of the Dungeon
 12331 | D:10     | Reached skill level 10 in Fighting
 12394 | D:10     | Reached **** piety under Cheibriados
 12612 | D:10     | Noticed a manticore
 12647 | D:10     | Killed a manticore
 12706 | D:10     | Found a white marble altar of Elyvilon.
 12982 | Lair:1   | Entered Level 1 of the Lair of Beasts
 12993 | Lair:1   | Reached XP level 12. HP: 97/97 MP: 20/20
 13568 | D:3      | Bought a +2 pair of boots of flying for 236 gold pieces
 13748 | Lair:1   | Found a runed translucent door.
 13854 | Lair:1   | Noticed Kebab's ghost (novice OpFE)
 13854 | Lair:1   | Identified the +7 spear of the Wasteland {pain, Contam
                  | rElec Str+3}
 13892 | Lair:1   | Found a glowing golden altar of the Shining One.
 14131 | Lair:1   | Noticed Gastronok
 14141 | Lair:1   | Killed Gastronok
 14952 | Lair:2   | Reached skill level 10 in Axes
 15437 | Lair:2   | Found a staircase to the Swamp.
 15453 | Lair:2   | Reached ***** piety under Cheibriados
 15725 | Lair:3   | Reached XP level 13. HP: 88/106 MP: 20/23
 16044 | Lair:3   | Found a hole to the Spider Nest.
 16537 | Lair:4   | Found a staircase to the Slime Pits.
 16537 | Lair:4   | Found a viscous altar of Jiyva.
 17204 | Lair:5   | Entered Level 5 of the Lair of Beasts
 17274 | Lair:5   | Noticed a catoblepas
 17288 | Lair:5   | Killed a catoblepas
 17368 | Lair:5   | Reached skill level 15 in Invocations
 17586 | Lair:5   | Noticed a catoblepas
 17599 | Lair:5   | Killed a catoblepas
 17686 | Lair:5   | Noticed a catoblepas
 17704 | Lair:5   | Killed a catoblepas
 17768 | Lair:5   | Identified the +1 chain mail "Menipif" {+Inv Str+5}
 17944 | Lair:5   | Reached XP level 14. HP: 106/116 MP: 25/25
 18176 | Lair:5   | Reached ****** piety under Cheibriados
 18630 | Lair:5   | Noticed a dire elephant
 18644 | Lair:5   | Killed a dire elephant
 19588 | D:4      | Bought a scroll of identify for 58 gold pieces
 19588 | D:4      | Identified a scroll of acquirement
 19589 | D:4      | Acquired 480 gold pieces
 19688 | D:11     | Noticed Fannar
 19709 | D:11     | Killed Fannar
 19758 | D:11     | Reached skill level 1 in Dodging
 19898 | D:11     | Identified the +4 great mace of Koir {freeze, rPois rC-
                  | Will+}
 19912 | D:11     | Got the Parchment of the Jinx
 20030 | D:11     | Found a staircase to the Orcish Mines.
 20141 | D:11     | Found Jihifuz's General Store.
 20184 | D:11     | Bought a scroll of fear for 56 gold pieces
 20553 | D:11     | Found Hiviolyj's Assorted Antiques.
 20561 | D:11     | Bought a scroll of identify for 66 gold pieces
 21338 | D:12     | You are sucked into a shaft and drop 1 floor!
 21531 | D:13     | Reached XP level 15. HP: 125/125 MP: 26/26
 21539 | D:13     | Reached skill level 5 in Armour
 21976 | D:12     | Found a sparkling altar of Nemelex Xobeh.
 22178 | D:13     | Found a gate to the Vaults.
 22371 | D:13     | Reached skill level 15 in Axes
 23325 | D:14     | Found a shimmering altar of Xom.
 23509 | D:14     | Identified the +3 robe "Ysseadghu" {*Slow +Blink rElec
                  | Dex-4}
 23534 | D:14     | Identified the +3 helmet of Pride {rN+ Will+}
 23786 | D:15     | Entered Level 15 of the Dungeon
 23832 | D:15     | Found a gate leading to a gauntlet.
 23841 | Gauntlet | Entered a Gauntlet
 23841 | Gauntlet | Found a transporter.
 23841 | Gauntlet | Found a transporter.
 23841 | Gauntlet | Found a transporter.
 23861 | Gauntlet | Found a transporter.
 23871 | Gauntlet | Found a transporter.
 23875 | Gauntlet | Found a transporter.
 23879 | Gauntlet | Noticed a balrug
 23887 | Gauntlet | Found a transporter.
 23907 | Gauntlet | Found a transporter.
 23913 | Gauntlet | Found a transporter.
 23916 | Gauntlet | Found a transporter.
 23928 | Gauntlet | Found a transporter.
 23930 | Gauntlet | Found a transporter.
 24129 | Gauntlet | Identified the +1 pair of gloves of the Charming Gods
                  | {*Slow Will+++ Str+8 SInv}
 24159 | Gauntlet | Identified the +9 bardiche of Dissent {freeze, Int+5 Dex-2}
 24159 | Gauntlet | Identified the ring "Zuylutzah" {*Slow rF+ EV+5 Int+2
                  | Dex+4}
 24186 | Gauntlet | Got the Compendium of the Discharge
 24474 | D:15     | Reached skill level 1 in Polearms
 24589 | D:15     | Found a staircase to the Depths.
 24654 | D:15     | Reached skill level 5 in Shields
 24723 | D:15     | Reached XP level 16. HP: 113/133 MP: 27/27
 24907 | D:15     | Reached skill level 5 in Dodging
 25370 | D:5      | Killed Edmund
 25575 | Orc:1    | Entered Level 1 of the Orcish Mines
 25576 | Orc:1    | Noticed Urug
 25591 | Orc:1    | Killed Urug
 25592 | Orc:1    | Reached skill level 6 in Shields
 25920 | Orc:1    | Found Taosch's General Store.
 25922 | Orc:1    | Found Heqazuahol's Specific Store.
 25942 | Orc:1    | Found a transporter.
 26058 | Orc:2    | Entered Level 2 of the Orcish Mines
 26084 | Orc:1    | Found a transporter.
 26183 | Orc:2    | Reached skill level 7 in Shields
 26450 | Orc:1    | Reached skill level 5 in Polearms
 26453 | Orc:1    | Reached skill level 8 in Shields
 26482 | Orc:1    | Identified the +3 hand axe "Erumas" {freeze, rC+ Str+4}
 26555 | Orc:2    | Found Vagimam's Antique Armour Shop.
 26723 | Orc:2    | Found Gipleom's Antique Weapon Shop.
 26772 | Orc:2    | Reached skill level 9 in Shields
 26774 | Orc:2    | Found a staircase to the Elven Halls.
 26865 | Orc:2    | Found Paito's Book Shoppe.
 26906 | Orc:2    | Noticed Azrael
 26915 | Orc:2    | Killed Azrael
 27202 | Orc:2    | Found Olubriac's General Store.
 27210 | Orc:2    | Bought a scroll of enchant armour for 105 gold pieces
 27210 | Orc:2    | Bought a wand of mindburst (3) for 58 gold pieces
 27210 | Orc:2    | Bought a potion of invisibility for 112 gold pieces
 27210 | Orc:2    | Bought a potion of curing for 42 gold pieces
 27228 | Orc:2    | Found Hefol's Armour Boutique.
 27329 | Orc:2    | Bought an iridescent broad axe for 324 gold pieces
 27329 | Orc:2    | Identified the +4 broad axe of Jedenake {elec, rPois} (You
                  | bought it in a shop on level 2 of the Orcish Mines)
 27443 | D:8      | Bought a scroll of enchant armour for 90 gold pieces
 27560 | Orc:1    | Bought a wand of digging (5) for 315 gold pieces
 27671 | Swamp:1  | Entered Level 1 of the Swamp
 27724 | Spider:1 | Entered Level 1 of the Spider Nest
 27724 | Spider:1 | Noticed an emperor scorpion
 27736 | Spider:1 | Killed an emperor scorpion
 27873 | Spider:1 | Noticed Nikola
 27874 | Spider:1 | Noticed Jorgrun
 27875 | Spider:1 | Noticed an emperor scorpion
 27880 | Spider:1 | Noticed Mlioglotl
 27886 | Spider:1 | Noticed a tentacled starspawn
 27894 | Spider:1 | Reached skill level 10 in Shields
 27909 | Spider:1 | Reached XP level 17. HP: 84/139 MP: 13/28
 27922 | Spider:1 | Killed Jorgrun
 27926 | Spider:1 | Killed Mlioglotl
 28229 | Spider:1 | Killed Nikola
 28230 | Spider:1 | Reached skill level 11 in Shields
 29141 | Spider:2 | Reached skill level 12 in Shields
 29166 | Spider:2 | Noticed Aizul
 29181 | Spider:2 | Killed Aizul
 29844 | Spider:3 | Reached skill level 13 in Shields
 29985 | Spider:3 | Reached skill level 10 in Polearms
 30206 | Spider:3 | Reached XP level 18. HP: 112/145 MP: 27/29
 30363 | Spider:3 | Reached skill level 14 in Shields
 31001 | Spider:4 | Entered Level 4 of the Spider Nest
 31077 | Spider:4 | Found a frozen archway.
 31117 | IceCv    | Entered an ice cave
 31465 | IceCv    | Noticed a golden dragon
 31478 | IceCv    | Killed a golden dragon
 31657 | IceCv    | Identified the ring of Equilibrium {Int+3 SInv}
 31666 | IceCv    | Identified the ring "Qebelil" {Fly rElec rC+}
 31670 | IceCv    | Identified the amulet "Peikken" {RegenMP +Blink +Inv rF+}
 31731 | IceCv    | Reached skill level 15 in Shields
 31799 | IceCv    | Identified the +7 short sword of the Elven Halls {speed,
                  | rF- rN+++ Int+5}
 32569 | Spider:4 | Reached skill level 16 in Shields
 32814 | Spider:4 | Reached XP level 19. HP: 152/152 MP: 15/30
 33132 | Spider:4 | Got a gossamer rune of Zot
 33628 | Swamp:1  | Noticed Frances
 33632 | Swamp:1  | Killed Frances
 33686 | Swamp:1  | Found a sacrificial altar of Ru.
 33912 | Swamp:1  | Identified the +1 whip of Inference {freeze, rF+++ rN+
                  | Will- Stlth+}
 34671 | Swamp:2  | Reached skill level 10 in Dodging
 34671 | Swamp:2  | Reached skill level 17 in Shields
 35341 | Swamp:3  | Noticed Kirke
 35351 | Swamp:3  | Killed Kirke
 35398 | Swamp:3  | Identified the +0 pair of gloves of Dyspraxia {Str+2}
 35687 | Swamp:3  | Found an opulent altar of Gozag.
 35863 | Swamp:4  | Entered Level 4 of the Swamp
 35937 | Swamp:4  | Reached XP level 20. HP: 93/159 MP: 25/31
 35947 | Swamp:4  | Noticed Mara
 35956 | Swamp:4  | Noticed Charly's illusion
 35963 | Swamp:4  | Killed Mara
 36353 | Swamp:4  | Noticed the 27-headed Lernaean hydra
 36354 | Swamp:4  | Killed the 27-headed Lernaean hydra
 36378 | Swamp:4  | Got a decaying rune of Zot
 36581 | Swamp:4  | Upgraded the game from 0.30-a0-964-gd452b5e7fa to
                  | 0.30-a0-1006-g5d778dfbfc
 36755 | Lair:1   | Killed Kebab's ghost
 36912 | Vaults:1 | Entered Level 1 of the Vaults
 36925 | Vaults:1 | Reached skill level 18 in Shields
 36930 | Vaults:1 | Reached skill level 15 in Polearms
 37338 | Vaults:1 | Reached skill level 10 in Armour
 37464 | Vaults:1 | Noticed Asterion
 37474 | Vaults:1 | Killed Asterion
 37976 | Vaults:1 | Reached XP level 21. HP: 165/165 MP: 32/32
 38005 | Vaults:1 | Found Giteol's Magic Scroll Boutique.
 38221 | Vaults:2 | Identified the scarf "Itiwer" {+Inv, Will++ rCorr Stlth+}
 38436 | Vaults:2 | Found a staircase to the Crypt.
 38666 | Vaults:2 | Noticed Xtahua
 38673 | Vaults:2 | Killed Xtahua
 38812 | Vaults:2 | Reached skill level 19 in Shields
 40163 | Vaults:3 | Found Afai's Antique Armour Boutique.
 40377 | Vaults:3 | Bought a pair of spiked gloves for 294 gold pieces
 40377 | Vaults:3 | Identified the +0 pair of gloves of Modesty {rElec rN++
                  | Will+} (You bought it in a shop on level 3 of the Vaults)
 40391 | Vaults:3 | Reached XP level 22. HP: 161/172 MP: 33/33
 41397 | Vaults:4 | Identified the +5 morningstar "Xicounn" {protect, rF+ Will+
                  | Int+2 Dex-5}
 41508 | Vaults:4 | Found a crumbling gateway.
 41516 | Desolati | Entered the Desolation of Salt
 41764 | Desolati | Reached skill level 20 in Shields
 41805 | Desolati | Identified the +1 falchion of the Secret Prophets {speed,
                  | rElec Int+3}
 41808 | Desolati | Identified the amulet of Loot {Reflect Dex+4 SH+5 Stlth+}
 41959 | Desolati | Identified the ring "Waofry" {Ice rCorr}
 41962 | Desolati | Identified the amulet "Hirchawiu" {Spirit Str+3}
 41969 | Desolati | Identified the +0 leather armour of Servitude {+Inv Fly rC+
                  | rCorr}
 42142 | Desolati | Identified the +5 trident of Hoxasara {heavy, rN+ Int+2
                  | Stlth+}
 42752 | Vaults:4 | Noticed Jory
 42763 | Vaults:4 | Killed Jory
 42966 | Vaults:4 | Found Folahi's Armour Shoppe.
 43359 | Vaults:4 | Reached XP level 23. HP: 134/178 MP: 34/34
 43765 | Vaults:5 | Entered Level 5 of the Vaults
 44322 | Depths:1 | Entered Level 1 of the Depths
 44362 | Depths:1 | Found a gateway to Hell.
 44546 | Depths:1 | Found Cesez's Self-Improvement Boutique.
 44571 | Depths:1 | Bought a manual of Shields for 800 gold pieces
 44571 | Depths:1 | Bought a manual of Fighting for 800 gold pieces
 44680 | Depths:1 | Found a one-way gate to the infinite horrors of the Abyss.
 45414 | Depths:2 | Reached skill level 15 in Fighting
 45768 | Depths:2 | Reached skill level 21 in Shields
 46155 | Depths:2 | Found a corrupted altar of Lugonu.
 46310 | Depths:2 | Found a one-way gate leading to the halls of Pandemonium.
 46996 | Depths:3 | Reached XP level 24. HP: 191/191 MP: 34/34
 47047 | Depths:3 | Found a one-way gateway to a ziggurat.
 47061 | Depths:3 | Gained mutation: You are frail. (-10% HP) [a shining eye]
 47066 | Depths:3 | Lost mutation: You are frail. (-10% HP) [potion of
                  | mutation]
 47066 | Depths:3 | Gained mutation: Your body sometimes deteriorates upon
                  | taking damage. [potion of mutation]
 47066 | Depths:3 | Gained mutation: You expend magic power (3 MP) to
                  | strengthen your wands. [potion of mutation]
 47066 | Depths:3 | Gained mutation: You are somewhat resistant to further
                  | mutation. [potion of mutation]
 47120 | Depths:3 | Found Vonu's Magic Scroll Shop.
 47302 | Depths:3 | Bought a scroll of fear for 68 gold pieces
 47375 | Depths:3 | Bought a scroll of poison for 68 gold pieces
 47375 | Depths:3 | Bought a scroll of vulnerability for 68 gold pieces
 47375 | Depths:3 | Bought a scroll of immolation for 68 gold pieces
 47422 | Depths:3 | Reached skill level 22 in Shields
 47430 | Depths:3 | Got Joirugoz's Atlas of the Ironbound Retinue
 47629 | Depths:4 | Entered Level 4 of the Depths
 48251 | Depths:4 | Noticed a golden dragon
 48261 | Depths:4 | Killed a golden dragon
 48764 | Depths:4 | Found a gate to the Realm of Zot.
 49281 | Depths:4 | Found Uppaur's Book Emporium.
 49284 | Depths:4 | Found Raryuqy's Jewellery Boutique.
 49285 | Depths:4 | Found Zuprim's Book Emporium.
 49291 | Depths:4 | Bought a manual of Armour for 1280 gold pieces
 49729 | Vaults:4 | Reached skill level 23 in Shields
 50042 | Vaults:5 | Noticed a golden dragon
 50048 | Vaults:5 | Killed a golden dragon
 50053 | Vaults:5 | Noticed a golden dragon
 50063 | Vaults:5 | Noticed Mennas
 50069 | Vaults:4 | Killed a golden dragon
 50385 | Vaults:4 | Killed Mennas
 51125 | Vaults:4 | Found Folahi's Armour Shoppe.
 51547 | Vaults:5 | Reached XP level 25. HP: 174/204 MP: 32/34
 51728 | Vaults:5 | Identified the +10 dagger of Sulphur {freeze, Dex+2}
 51742 | Vaults:4 | Reached skill level 15 in Armour
 52261 | Vaults:4 | Reached skill level 24 in Shields
 53083 | Vaults:5 | Identified the +7 war axe of Division {pain, rF- Int+4}
 53851 | Vaults:5 | Got a silver rune of Zot
 53906 | Vaults:5 | Identified the staff of air "Difit" {rElec Dex+3}
 54477 | Vaults:5 | Identified the staff of earth "Xiasokhla" {rElec Will-
                  | Dex+9 Stlth-}
 54691 | Vaults:5 | Got the Thoughts on the Charnel Wendigo
 55107 | Zot:1    | Entered Level 1 of the Realm of Zot
 55510 | Zot:1    | Reached skill level 25 in Shields
 55510 | Zot:1    | Reached XP level 26. HP: 217/217 MP: 34/34
 55575 | Zot:1    | Noticed Vv
 55592 | Zot:1    | Killed Vv
 56779 | Zot:2    | Got the Atlas of Glaciation and Metamorphosis
 57464 | Zot:2    | You are sucked into a shaft and drop 1 floor!
 57529 | Zot:3    | Noticed an orb of fire
 57540 | Zot:3    | Killed an orb of fire
 57731 | Zot:2    | Noticed a curse toe
 57735 | Zot:2    | Killed a curse toe
 58129 | Slime:1  | Entered Level 1 of the Pits of Slime
 58445 | Slime:5  | Entered Level 5 of the Pits of Slime
 58541 | Slime:5  | Noticed the Royal Jelly
 58571 | Slime:5  | Gained mutation: Armour fits poorly on your strangely
                  | shaped body. [a shining eye]
 58575 | Slime:5  | Lost mutation: You are somewhat resistant to further
                  | mutation. [a shining eye]
 58577 | Slime:5  | Gained mutation: You occasionally shout uncontrollably at
                  | your foes. [a shining eye]
 58582 | Slime:5  | Lost mutation: Armour fits poorly on your strangely shaped
                  | body. [potion of mutation]
 58582 | Slime:5  | Lost mutation: Your body sometimes deteriorates upon taking
                  | damage. [potion of mutation]
 58582 | Slime:5  | Lost mutation: You expend magic power (3 MP) to strengthen
                  | your wands. [potion of mutation]
 58582 | Slime:5  | Gained mutation: You are partially covered in iridescent
                  | scales. (AC +2) [potion of mutation]
 58582 | Slime:5  | Gained mutation: You are mostly covered in iridescent
                  | scales. (AC +4) [potion of mutation]
 58643 | Slime:5  | Found a viscous altar of Jiyva.
 58666 | Slime:5  | Reached skill level 15 in Dodging
 58756 | Slime:5  | Killed the Royal Jelly
 58780 | Slime:5  | Got the Directory of Misfortune
 58787 | Slime:5  | Identified the +5 ring mail of Orthodoxy {Str+2 Dex+4
                  | Slay+3}
 58812 | Slime:5  | Identified the ring "Roopn" {rPois rF+ Dex+5}
 58830 | Slime:5  | Identified the +2 helmet "Liukkes" {Will+ Stlth+}
 58878 | Slime:5  | Got a slimy rune of Zot
 58888 | Slime:5  | Identified the +2 long sword of Spite {freeze, rPois Str+4}
 58925 | Slime:3  | Gained mutation: You frequently scream uncontrollably at
                  | your foes. [a shining eye]
 58928 | Slime:3  | Gained mutation: Armour fits poorly on your strangely
                  | shaped body. [a shining eye]
 58943 | Slime:3  | Reached XP level 27. HP: 219/227 MP: 30/34
 58959 | Slime:3  | Lost mutation: You are mostly covered in iridescent scales.
                  | (AC +4) [potion of mutation]
 58959 | Slime:3  | Lost mutation: You are partially covered in iridescent
                  | scales. (AC +2) [potion of mutation]
 58959 | Slime:3  | Gained mutation: You occasionally lose the ability to read
                  | scrolls when taking damage. [potion of mutation]
 58959 | Slime:3  | Gained mutation: You have hidden genetic potential. [potion
                  | of mutation]
 58959 | Slime:3  | Gained mutation: You have great hidden genetic potential.
                  | [potion of mutation]
 58960 | Slime:3  | Lost mutation: You have great hidden genetic potential.
                  | [potion of mutation]
 58960 | Slime:3  | Lost mutation: You have hidden genetic potential. [potion
                  | of mutation]
 58960 | Slime:3  | Gained mutation: Your body sometimes deteriorates upon
                  | taking damage. [potion of mutation]
 58960 | Slime:3  | Lost mutation: You frequently scream uncontrollably at your
                  | foes. [potion of mutation]
 58960 | Slime:3  | Gained mutation: You have sharp toenails. [potion of
                  | mutation]
 58961 | Slime:3  | Lost mutation: Your body sometimes deteriorates upon taking
                  | damage. [potion of mutation]
 58961 | Slime:3  | Lost mutation: You occasionally lose the ability to read
                  | scrolls when taking damage. [potion of mutation]
 58961 | Slime:3  | Lost mutation: Armour fits poorly on your strangely shaped
                  | body. [potion of mutation]
 58961 | Slime:3  | Gained mutation: You are weak. (Str -2) [potion of
                  | mutation]
 58983 | Slime:1  | Reached skill level 26 in Shields
 59936 | Zot:3    | Found the ring of Shadows {Umbra +Inv Stlth+}
 61619 | Zot:5    | Entered Level 5 of the Realm of Zot
 62460 | Zot:5    | Noticed a dread lich
 62480 | Zot:5    | Killed a dread lich
 62683 | Zot:5    | Noticed a dread lich
 62684 | Zot:5    | Noticed a Killer Klown
 62711 | Zot:5    | Killed a dread lich
 62718 | Zot:5    | Killed a Killer Klown
 62719 | Zot:5    | Reached skill level 27 in Shields
 62899 | Zot:5    | Noticed an orb of fire
 62903 | Zot:5    | Gained mutation: Armour fits poorly on your strangely
                  | shaped body. [an orb of fire]
 62903 | Zot:5    | Noticed an ancient lich
 62904 | Zot:5    | Killed an orb of fire
 62906 | Zot:5    | Noticed a dread lich
 62908 | Zot:5    | Killed an ancient lich
 62909 | Zot:5    | Noticed an orb of fire
 62911 | Zot:5    | Killed a dread lich
 62918 | Zot:5    | Killed an orb of fire
 62919 | Zot:5    | Lost mutation: You are weak. (Str -2) [potion of mutation]
 62919 | Zot:5    | Lost mutation: You occasionally shout uncontrollably at
                  | your foes. [potion of mutation]
 62919 | Zot:5    | Gained mutation: You are partially covered in large bone
                  | plates. (SH +4) [potion of mutation]
 62920 | Zot:5    | Lost mutation: You have sharp toenails. [potion of
                  | mutation]
 62920 | Zot:5    | Lost mutation: Armour fits poorly on your strangely shaped
                  | body. [potion of mutation]
 62920 | Zot:5    | Gained mutation: Your mind is acute. (Int +4, Str/Dex -1)
                  | [potion of mutation]
 63045 | Zot:5    | Noticed a dread lich
 63046 | Zot:5    | Noticed an ancient lich
 63046 | Zot:5    | Noticed an orb of fire
 63050 | Zot:5    | Killed a dread lich
 63055 | Zot:5    | Gained mutation: You are vulnerable to heat. (rF-) [an orb
                  | of fire]
 63056 | Zot:5    | Killed an orb of fire
 63061 | Zot:5    | Noticed an orb of fire
 63063 | Zot:5    | Killed an ancient lich
 63068 | Zot:5    | Killed an orb of fire
 63070 | Zot:5    | Noticed a Killer Klown
 63089 | Zot:5    | Noticed a Killer Klown
 63094 | Zot:5    | Noticed a dread lich
 63097 | Zot:5    | Killed a Killer Klown
 63105 | Zot:5    | a Killer Klown changed into a fire giant
 63370 | Zot:5    | Killed a dread lich
 63370 | Zot:5    | Noticed a dread lich
 63381 | Zot:5    | Killed a dread lich
 63569 | Zot:5    | Got the Orb of Zot
 64160 | D:$      | Escaped with the Orb!

Illustrated notes

Levels and vault maps discovered:
D:1:      tarquinn_simple_flora_water_e, layout_loops_ring,
          kennysheep_another_room
D:2:      layout_basic, uniq_jessica
D:3:      layout_loops_ring, serial_shops, nicolae_diamond_shop,
          columned_hall_lemuel, serial_bayou_ford_a
D:4:      layout_gridville, lemuel_tele_altar, serial_shops,
          nicolae_stop_n_shop_1, serial_forest, infiniplex_forest_clump_medium,
          infiniplex_forest_clump_small, infiniplex_forest_end_3,
          infiniplex_forest_zigzag_1, infiniplex_forest_clump_long,
          infiniplex_forest_clump_medium, portal_sewer_entry_d,
          nicolae_wormholes
D:5:      layout_gridville, jmf_multi_god_temple2,
          chequers_serial_rivers_small_b, chequers_serial_rivers_marsh,
          uniq_edmund
D:6:      layout_rooms, nicolae_overflow_crystal_walls,
          lemuel_zombie_altar_yredelemnul, nzn_wu_jian_council_hall,
          minmay_temple_entry_ruins, grunt_ministairs_14, amethyst_killhole,
          uniq_eustachio, uniq_prince_ribbit1
D:7:      cheibrodos_helix_gallery, layout_basic, uniq_pikel
D:8:      layout_rooms, vehumet_altar_wand_db, serial_shops, shop, uniq_psyche
D:9:      layout_long_grid, due_lair_maze_entry_diamond, uniq_grum, uniq_harold
D:10:     layout_basic, nicolae_elyvilon_peaceful_grove
D:11:     layout_loops_ring, hiddenorc2_lemuel, serial_shops,
          nicolae_shop_crystal, shop_statue, minmay_lindwurm_lava, uniq_fannar
D:12:     layout_loops_ring, nemelex_lonely_heart_becter
D:13:     minmay_the_grid_square_5x5_3x3 [minmay_the_grid_square_5x5_three,
          minmay_the_grid_square_5x5_seven, minmay_the_grid_square_5x5_minibox,
          minmay_the_grid_square_5x5_moneybag,
          minmay_the_grid_square_5x5_megaprize_hollow,
          minmay_the_grid_square_5x5_sharp_hourglass,
          minmay_the_grid_square_5x5_tri_point,
          minmay_the_grid_square_5x5_spiral_small,
          minmay_the_grid_square_5x5_gyroscope], layout_cave_pods,
          hangedman_vaults_entry_quadrant_bands, hangedman_decor_diamond_cutter
D:14:     layout_cross, serial_rivers, chequers_serial_rivers_micro_d,
          chequers_serial_rivers_micro_c, chequers_serial_rivers_small_3,
          chequers_serial_rivers_small_a, chequers_serial_rivers_small_3,
          chequers_serial_rivers_small_b, xom_confusion_cloud
D:15:     hangedman_depths_entry_try_elsewhere_first, layout_stronghold,
          gauntlet_entry_generic, minmay_tree_intersection
Temple:   nicolae_temple_great_sept
Lair:1:   layout_long_grid, ebering_ghost_funeral_grove, basic_altar,
          minmay_lair_oklob_bushes, beast_lair_carwin_9, uniq_gastronok
Lair:2:   layout_layer_cave, skrybe_swamp_entry_bodies
Lair:3:   layout_roguey, spider_nest_entry_webs, lemuel_fruit_tree
Lair:4:   layout_roguey, minmay_slime_entry_jelly_boxes
Lair:5:   evilmike_catoblepas_cave, layout_cave_pods, kennysheep_abandoned_house
Swamp:1:  layout_basic_swamp, nicolae_swamp_ascending_descending,
          nicolae_swamp_godswood, swamp_pool2,
          nicolae_swamp_oklob_treasure_island, uniq_frances
Swamp:2:  layout_basic_swamp, nicolae_swamp_some_circles
Swamp:3:  nicolae_swamp_wrong_neighborhood, layout_basic_swamp,
          lemuel_altar_in_water, infiniplex_staircase_pool, uniq_kirke
Swamp:4:  grunt_swamp_rune_castle, layout_basic_swamp, swamp_pool4,
          nicolae_swamp_soggy_hallways, uniq_mara
Spider:1: layout_spider_delve, uniq_mlioglotl, uniq_jorgrun, uniq_nikola
Spider:2: nicolae_spider_mines_1, uniq_aizul
Spider:3: nicolae_spider_hall_of_the_moth_king, nicolae_orb_island
Spider:4: guppyfry_spider_rune, portal_ice_cave_entry_frozen_things, drop_trap
Slime:1:  layout_caves
Slime:2:  layout_caves
Slime:3:  layout_caves
Slime:4:  layout_caves
Slime:5
Orc:1:    gammafunk_beogh_shrine, layout_caves, nicolae_specific_store,
          mines2_lemuel, uniq_urug
Orc:2:    grunt_orc_gardens, layout_diamond_mine, grunt_orc_garden,
          grunt_orc_garden, grunt_orc_garden, grunt_orc_garden, serial_shops,
          nicolae_shop_behind_doors, uniq_azrael
Vaults:1: ontoclasm_vaults_gateway, ontoclasm_vaults_gallery, v_misc_2,
          hangedman_vaults_variations, hangedman_vaults_locks, v_rooms_5,
          v_misc_18, vaults_room_large_hall, nicolae_vaults_little_ls,
          nicolae_vaults_ninety_degrees, layout_vaults_maze_snakey,
          serial_shops, nicolae_shop_behind_doors, uniq_asterion
Vaults:2: v_misc_30, dpeg_vaults_hating_casters, grunt_vaults_funnel,
          minmay_crypt_entry_simple_sparse, v_misc_16,
          nicolae_vaults_yaktaur_gun_rack, nicolae_vaults_back_hallway,
          v_rooms_1, v_misc_27, vaults_room_fancy_cross, grunt_vaults_twisty,
          nicolae_vaults_angled_halls, v_misc_15, layout_vaults_omnibox,
          uniq_xtahua
Vaults:3: grunt_vaults_swirl, ontoclasm_vaults_hangar, v_alt_pattern_5,
          vaults_room_grunt_arrival_ludios, v_misc_27, v_pattern_4,
          ontoclasm_vaults_pinch, vaults_room_door_ring, layout_vaults_big_room,
          serial_shops, nicolae_shop_overgrown_old_shop
Vaults:4: portal_desolation_entry_nicolae_slug, v_misc_16,
          ontoclasm_vaults_decontamination, grunt_vaults_hallway_long,
          v_pattern_5, v_misc_17, nicolae_vaults_little_squares_4,
          dpeg_vaults_monster_row, nicolae_vaults_ring_of_whatevers,
          hangedman_vaults_impose, vaults_mumra_bighexcomb, vaults_mumra_lcd,
          vaults_room_pool, ontoclasm_vaults_ring_square,
          ontoclasm_vaults_misaligned, v_misc_13, vaults_room_pools,
          nicolae_vaults_triangles, ontoclasm_vaults_shuriken,
          grunt_vaults_hallway_long, layout_vaults_big_cross, serial_shops,
          shop_coins, uniq_jory
Vaults:5: serial_shops, uniq_mennas
Depths:1: layout_twisted_cross, minmay_room_of_horrors, serial_bayou_lagoon_a,
          pf_hell_entry_tar_river, dk_noncrumbling_3,
          minmay_misc_feat_four_crosses, nicolae_shop_self_help
Depths:2: nicolae_BIG_FREAKIN_CUBE, layout_gridlike, pan_entry, grunt_decor_cap,
          grunt_hell_entry_dis_old, tgw_lugonu_bribe, infiniplex_staircase_star
Depths:3: cheibrodos_lost_city_excavation, layout_basic, enter_ziggurat_c,
          hell_entry, abyss_entry_crystal, serial_sigils_hangedman_quiver,
          minmay_shop_star
Depths:4: grunt_zot_entry_bicorn, layout_gridlike, hell_entry,
          serial_bayou_shore_a, grunt_pan_entry_spiral, minmay_shop_grove
Zot:1:    layout_misc_corridors, st_stairs_1, uniq_vv
Zot:2:    layout_basic, grunt_megastairs_1
Zot:3:    cheibrodos_zot_enchanting_chambers, layout_basic, grunt_ministairs_14
Zot:4:    kennysheep_blocky_hall, layout_cellular_growth
Zot:5:    layout_basic

Skill      XL: |  1  2  3  4  5  6  7  8  9 10 11 12 13 14 15 16 17 18 19 20 21 22 23 24 25 26 27 |
---------------+----------------------------------------------------------------------------------+-----
Axes           | 3 4 6 8 10 12 14 15 | 15.6
Stealth        | 2 3 |  3.0
Evocations     | 1 4 6 8 10 11 12 13 | 13.0
Fighting       | 4 6 8 9 10 11 12 13 14 15 18 19 20 22 | 22.5
Invocations    | 6 9 11 13 15 18 | 18.4
Dodging        | 2 4 6 8 9 10 11 12 13 14 15 16 | 16.9
Armour         | 4 6 8 10 11 13 14 17 19 21 | 21.2
Polearms       | 2 7 10 12 14 15 17 18 20 21 22 | 22.2
Shields        | 5 10 13 16 17 18 19 20 21 23 25 27 | 27.0

Action                     |  1- 3 |  4- 6 |  7- 9 | 10-12 | 13-15 | 16-18 | 19-21 | 22-24 | 25-27 || total
---------------------------+-------+-------+-------+-------+-------+-------+-------+-------+-------++-------
  Melee: War axe           |    83 |    56 |     4 |   164 |   694 |       |    48 |       |       ||  1049
         Dagger            |       |    97 |   480 |    96 |       |       |       |       |       ||   673
         Whip              |       |       |       |   393 |       |       |       |       |       ||   393
         Mace              |       |       |       |    18 |       |       |       |       |       ||    18
         Bardiche          |       |       |       |       |    48 |   808 |   765 |  1191 |  1139 ||  3951
         Glaive            |       |       |       |       |       |       |       |       |   586 ||   586
  Throw: Throwing net      |       |     1 |       |     2 |       |     5 |       |       |       ||     8
 Invoke: Bend Time         |       |       |       |     9 |    14 |    20 |     6 |    19 |    16 ||    84
         Slouch            |       |       |       |       |     2 |    12 |     6 |     3 |     2 ||    25
         Step From Time    |       |       |       |       |       |     2 |     1 |     6 |     3 ||    12
         Temporal Distorti |       |       |       |       |       |       |     3 |     3 |    15 ||    21
Ability: Shaft Self        |       |       |       |       |     1 |       |       |       |       ||     1
  Evoke: Wand              |       |       |    11 |    41 |    33 |    50 |     5 |    10 |    21 ||   171
         Phial of floods   |       |       |       |     1 |     4 |     2 |     2 |       |       ||     9
         Condenser vane    |       |       |       |     1 |     3 |     4 |     3 |     5 |     3 ||    19
         Phantom mirror    |       |       |       |     1 |     3 |     4 |     4 |     4 |     3 ||    19
         Box of beasts     |       |       |       |       |     2 |     5 |     2 |     4 |     2 ||    15
         Lightning rod     |       |       |       |       |       |       |       |       |     5 ||     5
         Tin of tremorston |       |       |       |       |       |       |       |       |     2 ||     2
    Use: Scroll            |     1 |     4 |     7 |     8 |    13 |     2 |     3 |     2 |    14 ||    54
         Potion            |       |       |     4 |       |     2 |    12 |     5 |     4 |    13 ||    40
   Stab: Sleeping          |       |     1 |     3 |     1 |     4 |       |       |     6 |       ||    15
         Distracted        |       |       |       |     1 |       |     3 |     2 |     6 |     2 ||    14
         Held in net/web   |       |       |       |     2 |       |     1 |       |       |       ||     3
         Invisible         |       |       |       |       |       |     3 |       |       |       ||     3
 Armour: Scale mail        |    29 |    18 |       |    53 |    94 |       |       |       |       ||   194
         Ring mail         |       |    20 |    71 |    37 |     7 |    48 |       |       |       ||   183
         Chain mail        |       |       |       |       |   110 |   167 |    82 |   118 |    68 ||   545
         Ice dragon scales |       |       |       |       |       |    14 |       |       |       ||    14
         Gold dragon scale |       |       |       |       |       |       |       |       |   178 ||   178
  Dodge: Dodged            |    28 |    49 |   170 |   333 |   389 |   888 |   489 |   675 |   804 ||  3825
  Block: Buckler           |    18 |    45 |   197 |   332 |   387 |       |       |       |       ||   979
         Reflection        |       |       |     4 |    13 |    37 |    13 |    76 |    60 |    41 ||   244
         Kite shield       |       |       |       |       |    53 |  1220 |   914 |  1238 |  1400 ||  4825

Table legend: (Time is in decaauts)
 A = Elapsed time spent in this place.
 B = Non-inter-level travel time spent in this place.
 C = Inter-level travel time spent in this place.
 D = Time resting spent in this place.
 E = Time spent auto-exploring this place.
 F = Levels seen in this place.
 G = Mean time per level.
                   A        B        C        D        E       F      G
               +--------+--------+--------+--------+--------+-----+--------+
         Total |  92816 |  82574 |  10242 |   1615 |  63900 |  54 | 1718.8 |
       Dungeon |  26137 |  21314 |   4823 |    569 |  16099 |  15 | 1742.5 |
        Temple |     80 |     67 |     13 |      0 |     50 |   1 |   80.0 |
          Lair |  10837 |   9587 |   1250 |     71 |   8320 |   5 | 2167.4 |
         Swamp |   5124 |   4889 |    235 |    110 |   3825 |   4 | 1281.0 |
   Spider Nest |   6919 |   6606 |    313 |     34 |   4950 |   4 | 1729.8 |
    Slime Pits |   1200 |   1083 |    117 |     27 |    376 |   5 |  240.0 |
  Orcish Mines |   2864 |   2568 |    296 |    108 |   1808 |   2 | 1432.0 |
        Vaults |  16922 |  15837 |   1085 |    288 |  12976 |   5 | 3384.4 |
        Depths |   8451 |   7256 |   1195 |      0 |   6143 |   4 | 2112.8 |
           Zot |  10526 |   9616 |    910 |    408 |   7127 |   5 | 2105.2 |
         Sewer |    760 |    760 |      0 |      0 |    447 |   1 |  760.0 |
      Ice Cave |   1005 |   1005 |      0 |      0 |    639 |   1 | 1005.0 |
    Desolation |   1305 |   1305 |      0 |      0 |    856 |   1 | 1305.0 |
      Gauntlet |    679 |    679 |      0 |      0 |    280 |   1 |  679.0 |
               +--------+--------+--------+--------+--------+-----+--------+

Top non-repeatable levels by time:
Vaults:4: 7165 daAuts
  Lair:5: 3219 daAuts
     D:9: 3184 daAuts
Depths:4: 2788 daAuts
Vaults:2: 2775 daAuts
  Lair:1: 2730 daAuts
   Zot:5: 2621 daAuts
Vaults:5: 2450 daAuts
Depths:2: 2429 daAuts
Vaults:3: 2418 daAuts
    D:13: 2361 daAuts
   Zot:2: 2212 daAuts
     D:5: 2151 daAuts
Vaults:1: 2112 daAuts
    D:10: 2090 daAuts
